 Dungeon Crawl Stone Soup version 0.30-a0-778-g2ef04afb54 (webtiles) character file.

Game seed: 3911813136985123245

101 Smoke131 the Chucker (level 4, -4/45 HPs)
             Began as an Ogre Gladiator on Feb 16, 2023.
             Splashed by a jelly's acid (5 damage)
             ... on level 2 of the Dungeon.
             The game lasted 00:02:41 (1399 turns).

Smoke131 the Chucker (Ogre Gladiator)               Turns: 1399, Time: 00:02:41

Health: -4/45      AC: -9    Str: 18    XL:     4   Next: 75%
Magic:  4/4        EV: 10    Int:  9    God:
Gold:   157        SH:  0    Dex: 12    Spells: 3/3 levels left

rFire   . . .      SeeInvis .    a - +0 trident
rCold   . . .      Faith    .    (no shield)
rNeg    . . .      Spirit   .    b - +0 robe
rPois   .          Reflect  .    c - +0 hat
rElec   .          Harm     .    (no cloak)
rCorr   .          Rampage  .    (gloves unavailable)
Will    .....                    (boots unavailable)
Stlth   +                        (no amulet)
HPRegen 0.27/turn                (no ring)
MPRegen 0.09/turn                (no ring)

@: corroded
A: large, unfitting armour, tough skin 1
a: no special abilities


You were on level 2 of the Dungeon.
You visited 1 branch of the dungeon, and saw 3 of its levels.

You collected 157 gold pieces.

Inventory:

Hand Weapons
 a - a +0 trident (weapon)
Missiles
 d - 3 throwing nets (quivered)
 j - 22 stones
Armour
 b - a +0 robe (worn)
 c - a +0 hat (worn)
Scrolls
 f - a scroll of vulnerability {unknown}
 k - a scroll of teleportation {unknown}
 m - a scroll of identify {unknown}
 n - a scroll of fear {unknown}
 o - a scroll of enchant weapon {unknown}
Potions
 g - a potion of brilliance {unknown}
 h - 2 potions of curing {unknown}
 i - a potion of attraction {unknown}
 l - a potion of mutation {unknown}


   Skills:
 - Level 3.0 Fighting
 - Level 3.0 Polearms
 + Level 4.5 Throwing
 - Level 3.0 Dodging


You had 3 spell levels left.
You didn't know any spells.
Your spell library contained the following spells:

 Spells                   Type           Power      Damage    Failure   Level
 Cigotuvi's Dreadful Rot  Necr/Pois/Air  0%         N/A       52%         2
 Poisonous Vapours        Pois/Air       0%         N/A       52%         2
 Dazzling Flash           Conj/Hex       0%         N/A       77%         3
 Ignite Poison            Fire/Tmut/Pois 0%         N/A       77%         3
 Mephitic Cloud           Conj/Pois/Air  0%         N/A       77%         3
 Sticky Flame             Conj/Fire      0%         2d3       99%         4
 Agony                    Necr           0%         N/A       100%        5
 Silence                  Hex/Air        0%         N/A       100%        5
 Ignition                 Fire           0%         3d3       100%        8


Dungeon Overview and Level Annotations

Branches:
Dungeon (3/15)

Altars:


Innate Abilities, Weirdness & Mutations

You are too large for most types of armour.
You have tough skin. (AC +1)


Message History

A jelly comes into view.
You hit the endoplasm.
The endoplasm is severely wounded.
The endoplasm freezes you.
You are frozen.
Something hits the fungus.
You puncture the endoplasm!
You kill the endoplasm!
You barely miss the endoplasm.
A nearby fungus withers and dies.
The endoplasm hits you.
You hit the endoplasm.
You kill the endoplasm!
The endoplasm closely misses you.
You puncture the endoplasm!
You kill the endoplasm!
An endoplasm comes into view.
The endoplasm quivers.
You puncture the endoplasm!
You kill the endoplasm!
An endoplasm comes into view.
You puncture the endoplasm!
You kill the endoplasm!
You puncture the jelly! The acid corrodes you!
Your hands burn!
The jelly is heavily wounded.
The jelly hits you.
You are splashed with acid.
You hit the jelly but do no damage.
Your hands burn!
The jelly is heavily wounded.
The jelly closely misses you.
You hit the jelly.
Your hands burn!
The jelly is almost dead.
The jelly hits you.
You are splashed with acid!
* * * LOW HITPOINT WARNING * * *
The jelly jiggles.
The jelly hits you.
* * * LOW HITPOINT WARNING * * *
The acid corrodes you!
You are splashed with acid!
* * * LOW HITPOINT WARNING * * *
The jelly attacks as you move away! The jelly hits you.
* * * LOW HITPOINT WARNING * * *
The acid corrodes you!
You are splashed with acid.
You die...

.###.....##
#.# #
#.)))...#
#.# #
#.......#
#.#######
#.......#
#........
#.......#
#########
####....#
##..'....#
#.########
##.....@#
#######J#
J.# .(# .÷#
P.# ÷.# ÷.#


You could see a jelly and an endoplasm.

Vanquished Creatures
  A jelly (D:2)
  An adder (D:2)
  A dart slug (D:1)
  8 endoplasms
  A giant cockroach (D:1)
  5 goblins (D:1)
  6 hobgoblins
  3 jackals (D:1)
  2 quokkas (D:1)
  5 ball pythons (D:1)
  6 bats
  12 kobolds
  2 rats (D:1)
53 creatures vanquished.

Vanquished Creatures (others)
  3 fungi (D:2)
  4 toadstools (D:2)
7 creatures vanquished.

Grand Total: 60 creatures vanquished

Notes
Turn   | Place    | Note
-------+----------+-------------------------------------------
     0 | D:1      | Smoke131 the Ogre Gladiator began the quest for the Orb.
     0 | D:1      | Reached XP level 1. HP: 22/22 MP: 1/1
   137 | D:1      | Reached XP level 2. HP: 22/31 MP: 2/2
   318 | D:1      | Reached skill level 3 in Throwing
   318 | D:1      | Reached XP level 3. HP: 36/37 MP: 3/3
  1042 | D:2      | You fall into a shaft and drop 1 floor!
  1260 | D:2      | Reached XP level 4. HP: 41/45 MP: 4/4
  1386 | D:2      | Reached skill level 4 in Throwing
  1399 | D:2      | HP: 1/45 [jelly (3)]
  1399 | D:2      | Splashed by a jelly's acid

Illustrated notes

Levels and vault maps discovered:
D:1:      spicycebolla_arrival_transporter_tutorial, layout_basic
D:2:      cheibrodos_fertilizer, layout_basic
D:3:      layout_basic, kennysheep_orc_sif_temple, basic_ecumenical_altar

Skill      XL: |  1  2  3  4 |
---------------+-------------+-----
Fighting       | 3 |  3.0
Dodging        | 3 |  3.0
Throwing       | 3 4 |  4.5
Polearms       | |  3.0

Action                     |  1- 3 |  4- 6 || total
---------------------------+-------+-------++-------
  Melee: Trident           |   136 |    35 ||   171
         Punch             |     1 |       ||     1
  Throw: Large rock        |     1 |     1 ||     2
   Stab: Sleeping          |     1 |       ||     1
 Armour: Robe              |    55 |     6 ||    61
  Dodge: Dodged            |    75 |    12 ||    87

Table legend: (Time is in decaauts)
 A = Elapsed time spent in this place.
 B = Non-inter-level travel time spent in this place.
 C = Inter-level travel time spent in this place.
 D = Time resting spent in this place.
 E = Time spent auto-exploring this place.
 F = Levels seen in this place.
 G = Mean time per level.
                   A        B        C        D        E       F      G
               +--------+--------+--------+--------+--------+-----+--------+
         Total |   1425 |   1403 |     22 |     48 |   1018 |   3 |  475.0 |
       Dungeon |   1425 |   1403 |     22 |     48 |   1018 |   3 |  475.0 |
               +--------+--------+--------+--------+--------+-----+--------+

Top non-repeatable levels by time:
     D:1: 1007 daAuts
     D:2: 411 daAuts
     D:3: 6 daAuts
